AoeStats
← borgff

Scandinavia

510630936Analyzed
1v1 RM · 1d ago on Oct 1, 2026· 43m 19s· 2 players
Game mode
Random Map
Map size
Tiny (2 player)
Population
200
Speed
Normal
Resources
Standard
Victory
Conquest
Starting age
Dark Age
Ending age
Imperial Age
RankedLock teamsTeams togetherTeam positionsShared explorationLock speedFull tech treeHidden civsTurbo modeCheats
Victory
Defeat
🇦🇷 Saxons · Argentina
1366
+17
🇸🇪 Spanish · Sweden
1387
-17
Manu Adorni
6:31 Loom
10:06 Feudal Age
12:41 Double-Bit Axe
18:46 Castle Age
17:08 Fletching
18:24 Padded Archer Armor
18:43 Fishing Lines
19:57 Bow Saw
20:02 Bodkin Arrow
20:20 Elite Skirmisher
24:48 Crossbowman
26:04 Leather Archer Armor
27:31 Wheelbarrow
29:04 Hand Cart
33:11 Imperial Age
30:49 Horse Collar
31:22 Gold Mining
32:23 Scale Mail Armor
32:33 Forging
32:34 Heavy Plow
33:57 Thumb Ring
34:04 Bracer
33:52 Shield Wall
35:04 Conscription
36:12 Chain Mail Armor
36:34 Iron Casting
37:23 Plate Mail Armor
38:38 Iron Casting
38:00 Elite Hearth Troop
39:06 Squires
38:51 Gambesons
38:52 Arson
41:24 Two-Man Saw
42:34 Capped Ram
borgff
11:23 Feudal Age
10:15 Loom
15:59 Castle Age
14:37 Double-Bit Axe
14:39 Horse Collar
19:14 Bow Saw
22:11 Medium Warships
26:05 Heavy Plow
27:03 Wheelbarrow
31:52 Imperial Age
29:45 Scale Barding Armor
30:53 Bloodlines
30:44 Husbandry
31:12 Chain Barding Armor
32:09 Cavalier
33:36 Plate Barding Armor
38:05 Chemistry
37:38 Hand Cart
39:12 Forging
40:06 Light Cavalry
41:47 Iron Casting
42:06 Paladin
Connection lost

Rejoining the realm…

Still unreachable

The connection could not be restored.

Session expired

The server has moved on; the page needs a fresh start.